 Dungeon Crawl Stone Soup version 0.26-a0-1184-g95e395e029 (webtiles) character file.

Game seed: 2977348943969804157

238 tilp the Insei (level 6, -3/39 HPs)
             Began as an Octopode Transmuter on Dec 27, 2020.
             Was a Follower of Ashenzari.
             Splashed by a jelly's acid (9 damage)
             ... on level 5 of the Dungeon.
             The game lasted 00:08:14 (4655 turns).

tilp the Insei (Octopode Transmuter)                Turns: 4655, Time: 00:08:15

Health: -3/39      AC:  1    Str: 10    XL:     6   Next: 7%
Magic:  9/10       EV: 13    Int: 17    God:    Ashenzari [*.....]
Gold:   145        SH:  0    Dex: 12    Spells: 5/11 levels left

rFire    + . .     SeeInvis .     - Unarmed
rCold    . . .     Faith    .   (no shield)
rNeg     . . .     Spirit   .   (helmet restricted)
rPois    .         Reflect  .   (no amulet)
rElec    .         Harm     .   n - ring of protection from fire (curse)
rCorr    .         Rampage  .   (no ring)
Will     .....                  (no ring)
Stlth    +++.......             (no ring)
HPRegen  0.13/turn              (no ring)
MPRegen  0.12/turn              (no ring)
                                (no ring)
                                (no ring)

@: wereblooded
A: almost no armour, stealthy swim, amphibious, 8 rings, constrict 8, camouflage
1, gelatinous body 1
a: Renounce Religion, Curse Item, Scrying


You were on level 5 of the Dungeon.
You worshipped Ashenzari.
Ashenzari was aware of your devotion.
You visited 1 branch of the dungeon, and saw 5 of its levels.

You collected 145 gold pieces.

Inventory:

Missiles
 d - 103 stones
 l - 12 poisoned darts (quivered)
Jewellery
 n - a cursed ring of protection from fire (left tentacle)
Wands
 f - a wand of polymorph (12)
 q - a wand of random effects (14)
 w - a wand of acid (4)
Scrolls
 a - 2 scrolls of enchant armour
 b - 2 scrolls of magic mapping
 h - 4 scrolls of remove curse
 j - 2 scrolls of amnesia
 m - 6 scrolls of identify
Potions
 c - a potion of flight
 e - a potion of mutation
 i - a potion of attraction
 k - a potion of brilliance
 o - a potion of invisibility
 r - 3 potions of heal wounds
 t - a potion of resistance
 u - a potion of lignification
 v - a potion of magic
 x - a potion of curing


   Skills:
 - Level 2.0 Fighting
 - Level 2.0 Dodging
 - Level 4.0 Stealth
 - Level 4.0 Unarmed Combat
 + Level 3.1 Spellcasting
 + Level 3.3 Transmutations


You had 5 spell levels left.
You knew the following spells:

 Your Spells              Type           Power        Failure   Level
a - Beastly Appendage     Tmut           26%          4%          1
b - Wereblood             Tmut           13%          7%          2
c - Spider Form           Tmut/Pois      4%           26%         3

Your spell library contained the following spells:

 Spells                   Type           Power        Failure   Level
 Ice Form                 Ice/Tmut       8%           65%         4
 Blade Hands              Tmut           6%           77%         5


Dungeon Overview and Level Annotations

Branches:
Dungeon (5/15)
 Temple: D:4-7

Altars:
Ashenzari
Dithmenos
Elyvilon
Fedhas
Hepliaklqana
Trog
Uskayaw


Innate Abilities, Weirdness & Mutations

You cannot wear most types of armour.
You are very stealthy in the water. (Stealth+)
You are amphibious.
You can wear up to eight rings at the same time.
You can use your tentacles to constrict eight enemies at once.
Your skin changes colour to match your surroundings (Stealth+).
Your rubbery body absorbs attacks. (AC +1, EV +1)


Message History

A jelly comes into view.
The centaur unwields a +0 shortbow.
The centaur barely misses you.
You completely miss the centaur.
The centaur hits you but does no damage.
You tentacle-slap the centaur. Your squeeze misses the centaur.
The centaur is lightly wounded.
The centaur hits you! The centaur closely misses you.
You tentacle-slap the centaur. You squeeze the centaur!
The centaur is heavily wounded.
You howl as the wereblood boils in your veins!
The centaur misses you. The jelly hits you.
You are splashed with acid!
* * * LOW HITPOINT WARNING * * *
You bludgeon the centaur! You squeeze the centaur.
The centaur is almost dead.
The centaur hits you.
* * * LOW HITPOINT WARNING * * *
The jelly hits you.
* * * LOW HITPOINT WARNING * * *
You are splashed with acid!
You die...

..............#
########.....####
[..............########
############..........#
#...............#
#...............#
#...............#
#.........J......
#........@c......
#)......(##......
#....(...# ......
##.####### .... ....
... ......# .. .......#
# ........ .......#


You could see a centaur and a jelly.

Vanquished Creatures
  An orc priest (D:3)
  Terence (D:3)
  A worker ant (D:2)
  7 adders
  A white imp (D:5)
  An ooze (D:1)
  3 dart slugs
  2 leopard geckos
  5 orcs
  8 giant cockroaches
  13 goblins
  6 hobgoblins
  8 kobolds
  A quokka (D:3)
  A ball python (D:1)
  7 bats
  5 frilled lizards
  7 rats
78 creatures vanquished.

Notes
Turn   | Place    | Note
-------+----------+-------------------------------------------
     0 | D:1      | tilp the Octopode Transmuter began the quest for the Orb.
     0 | D:1      | Reached XP level 1. HP: 13/13 MP: 3/3
   195 | D:1      | Reached skill level 1 in Stealth
   205 | D:1      | Found a broken altar of Ashenzari.
   220 | D:1      | Reached XP level 2. HP: 18/18 MP: 3/5
   243 | D:1      | Learned a level 2 spell: Wereblood
   991 | D:1      | Reached XP level 3. HP: 24/24 MP: 4/6
   991 | D:1      | Became a worshipper of Ashenzari the Shackled
  1739 | D:2      | Found a shadowy altar of Dithmenos.
  1916 | D:2      | Found a hazy altar of Hepliaklqana.
  1966 | D:2      | Reached XP level 4. HP: 22/29 MP: 4/7
  2712 | D:2      | Found a bloodstained altar of Trog.
  2728 | D:2      | Learned a level 3 spell: Spider Form
  2793 | D:3      | Reached XP level 5. HP: 22/34 MP: 5/8
  3082 | D:3      | Found a faded altar of an unknown god.
  3233 | D:3      | Noticed Terence
  3262 | D:3      | Killed Terence
  3530 | D:3      | Noticed a +0 hand axe
  3530 | D:3      | Noticed a +0 dagger
  3533 | D:3      | Found a hide-covered altar of Uskayaw.
  3777 | D:3      | Reached XP level 6. HP: 39/39 MP: 5/10
  3882 | D:3      | Found a blossoming altar of Fedhas.
  3968 | D:3      | Found a white marble altar of Elyvilon.
  4200 | D:4      | Reached * piety under Ashenzari
  4498 | D:5      | Entered Level 5 of the Dungeon
  4655 | D:5      | Splashed by a jelly's acid

Illustrated notes

Levels and vault maps discovered:
D:1:      sevenhm_arrival_forest_fort_large_4, layout_basic,
          nicolae_ashenzari_panopticon
D:2:      layout_basic, nicolae_dithmenos_shadow_blocks, marbit_many_paths,
          nzn_hepliaklqana_mist_gate
D:3:      layout_basic, elyvilon_altar_1, dancing_weapons_uskayaw,
          chequers_ecumenical_altar_simple, minmay_misc_feat_cross,
          fedhas_altar_4, uniq_terence
D:4:      layout_cave_pools
D:5:      layout_basic, nicolae_qazlal_eye_of_the_storm, serial_shops, shop

Skill      XL: |  1  2  3  4  5 |
---------------+----------------+-----
Stealth        | 1 2 3 4 |  4.0
Fighting       | 2 |  2.0
Unarmed Combat | 4 |  4.0
Transmutations | 3 |  3.3
Spellcasting   | 3 |  3.1
Dodging        | |  2.0

Action                   |  1- 3 |  4- 6 || total
-------------------------+-------+-------++-------
Melee: Unarmed           |    79 |    89 ||   168
       Kick              |    12 |    18 ||    30
       Constrict         |    21 |    24 ||    45
       Tentacles         |     8 |    12 ||    20
       Punch             |       |     4 ||     4
Throw: Dart              |     3 |     6 ||     9
 Cast: Beastly Appendage |    26 |    20 ||    46
       Wereblood         |     4 |    17 ||    21
Invok: Curse Item        |       |     1 ||     1
  Use: Scroll            |     4 |    12 ||    16
       Potion            |       |     1 ||     1
 Stab: Sleeping          |     4 |     6 ||    10
Armor: Skin              |     4 |    11 ||    15
Dodge: Dodged            |    33 |    64 ||    97

Table legend: (Time is in decaauts)
 A = Elapsed time spent in this place.
 B = Non-inter-level travel time spent in this place.
 C = Inter-level travel time spent in this place.
 D = Time resting spent in this place.
 E = Time spent auto-exploring this place.
 F = Levels seen in this place.
 G = Mean time per level.
                   A        B        C        D        E       F      G
               +--------+--------+--------+--------+--------+-----+--------+
         Total |   4642 |   4384 |    258 |    756 |   2969 |   5 |  928.4 |
       Dungeon |   4642 |   4384 |    258 |    756 |   2969 |   5 |  928.4 |
               +--------+--------+--------+--------+--------+-----+--------+

Top non-repeatable levels by time:
     D:2: 1716 daAuts
     D:3: 1305 daAuts
     D:1: 1020 daAuts
     D:4: 443 daAuts
     D:5: 156 daAuts
